 Dungeon Crawl Stone Soup version 0.24.0-1-gfbc8707122 (webtiles) character file.

Game seed: 15773837506766583698, levelgen mode: deterministic

6075 xight the Thaumaturge (level 10, -7/50 HPs)
             Began as a Deep Elf Fire Elementalist on Oct 26, 2019.
             Was a Follower of Vehumet.
             Hit by a boomerang thrown by an orc warrior (14 damage)
             ... on level 1 of the Orcish Mines.
             The game lasted 00:34:26 (12886 turns).

xight the Thaumaturge (Deep Elf Fire Elementalist) Turns: 12886, Time: 00:34:27

Health: -7/50      AC: 10    Str:  5    XL:     10   Next: 57%
Magic:  13/26      EV: 16    Int: 24    God:    Vehumet [*.....]
Gold:   563        SH:  0    Dex: 15    Spells: 12/30 levels left

rFire    . . .     SeeInvis .   (no weapon)
rCold    . . .     Gourm    .   (no shield)
rNeg     . . .     Faith    .   E - +2 robe {MR+}
rPois    .         Spirit   .   F - +2 helmet
rElec    .         Reflect  .   (no cloak)
rCorr    +         Harm     .   (no gloves)
MR       ++...                  r - +2 pair of boots
Stlth    ++++......             (no amulet)
HPRegen  0.16/turn              (no ring)
MPRegen  0.20/turn              w - ring of resist corrosion

@: no status effects
A: no striking features
a: Renounce Religion


You were on level 1 of the Orcish Mines.
You worshipped Vehumet.
Vehumet was aware of your devotion.
You were not hungry.

You visited 3 branches of the dungeon, and saw 12 of its levels.
You also visited: Ossuary.

You collected 563 gold pieces.

Inventory:

Armour
 a - a +1 robe
 r - a +2 pair of boots (worn)
 E - a +2 robe of magic resistance (worn)
 F - a +2 helmet (worn)
Jewellery
 w - a ring of resist corrosion (right hand)
Wands
 j - a wand of flame (17)
 y - a wand of polymorph (7)
 A - a wand of digging (4)
 D - a wand of random effects (9)
Scrolls
 g - 2 scrolls of remove curse
 i - 5 scrolls of fog
 o - 4 scrolls of enchant armour
 s - 2 scrolls of identify
 t - 3 scrolls of noise {unknown}
 u - 2 scrolls of torment {unknown}
 B - 2 scrolls of amnesia
 G - a scroll of immolation
 H - a scroll of blinking {unknown}
Potions
 b - a potion of flight
 d - a potion of agility
 e - 7 potions of mutation {unknown}
 f - 4 potions of invisibility
 h - 5 potions of curing
 k - a potion of resistance
 l - 4 potions of heal wounds {unknown}
 m - 4 potions of degeneration {unknown}
 n - 2 potions of cancellation {unknown}
 p - 2 potions of might
 q - 3 potions of brilliance {unknown}
 x - 3 potions of lignification {unknown}
 z - a potion of haste {unknown}
 C - a potion of berserk rage {unknown}
Comestibles
 c - 17 rations


   Skills:
 + Level 7.0 Dodging
 + Level 7.7 Stealth
 * Level 10.7 Spellcasting
 * Level 8.9 Conjurations
 * Level 9.6 Fire Magic


You had 12 spell levels left.
You knew the following spells:

 Your Spells              Type           Power        Failure   Level  Hunger
a - Flame Tongue          Conj/Fire      #####        1%          1    None
b - Throw Flame           Conj/Fire      ######       1%          2    None
c - Conjure Flame         Conj/Fire      ######..     1%          3    None
d - Sticky Flame          Conj/Fire      ######..     1%          4    None
e - Fireball              Conj/Fire      ######....   3%          5    ####...
g - Inner Flame           Hex/Fire       #####...     1%          3    None

Your spell library contained the following spells:

 Spells                   Type           Power        Failure   Level  Hunger
 Shock                    Conj/Air       ####         1%          1    None
 Sting                    Conj/Pois      ####         1%          1    None
 Animate Skeleton         Necr           N/A          4%          1    None
 Apportation              Tloc           ##....       4%          1    None
 Confusing Touch          Hex            ##....       4%          1    None
 Infusion                 Chrm           ##..         4%          1    None
 Summon Small Mammal      Summ           ##..         4%          1    None
 Mephitic Cloud           Conj/Pois/Air  ####....     4%          3    None
 Poisonous Vapours        Pois/Air       ##....       8%          2    None
 Shroud of Golubria       Chrm/Tloc      ##....       8%          2    None
 Song of Slaying          Chrm           ##......     8%          2    None
 Regeneration             Chrm/Necr      ##........   14%         3    None
 Spectral Weapon          Hex/Chrm       ##......     14%         3    None
 Venom Bolt               Conj/Pois      ####......   22%         5    ####...
 Olgreb's Toxic Radiance  Pois           ##......     43%         4    None


Dungeon Overview and Level Annotations

Branches:
Dungeon (9/15)             Temple (1/1) D:6            Lair (0/6) D:8
    Orc (2/2) D:9         Ossuary (visited)
    Elf: Orc:2

Altars:
Ashenzari
Cheibriados
Dithmenos
Elyvilon
Fedhas
Gozag
Hepliaklqana
Kikubaaqudgha
Makhleb
Nemelex Xobeh
Okawaru
Qazlal
Ru
Sif Muna
Uskayaw
Vehumet
Wu Jian
Xom
Yredelemnul
Zin
The Shining One

Annotations:
Orc:1 1 runed translucent door


Message History

An orc warrior comes into view.
It is wielding a +0 short sword and wearing a +0 chain mail of poison resistance.
Your surroundings suddenly seem different.
An orc priest comes into view. It is wielding a +0 flail.
An orc warrior comes into view.
It is wielding a +1 long sword of holy wrath.
An orc comes into view. It is wielding a +0 war axe.
An orc comes into view. x2
The orc warrior shouts!
You hear a shout!
Really walk into that teleport trap?
You enter a teleport trap!
The teleport trap disappears.
Your surroundings suddenly seem different.
An orc priest comes into view. It is wielding a +0 club.
The orc priest calls upon Beogh to heal the orc warrior.
The orc warrior shouts!
The orc warrior is healed somewhat.
The orc shouts!
The orc wizard shouts!
You hear a shout!
Found 30 gold pieces.
You see here 30 gold pieces.
The orc shouts!
The orc warrior throws a boomerang.
The boomerang hits you!
You die...

#.........#
##.....o....#
###.......o....
#.....o........
#.....o........
#....$....#...o###
$.o.....#.#.o.o..# #
.....######$o..$.#.#
....o...#.......@..#
........#o..o.....##
#................##
#..............###
####..o........
##........##
#.#.......#
###....#### ##>.#.#


You could see 3 orc warriors, an orc priest, an orc wizard and 3 orcs.

Vanquished Creatures
  Pikel (D:6)
  2 trolls
  Grinder (D:6)
  2 hippogriffs
  Sigmund (D:6)
  Eustachio (D:6)
  2 wargs (Orc:1)
  4 sky beasts
  An ice beast (D:6)
  A phantom (D:9)
  4 orc warriors
  A wolf (D:8)
  3 ogres
  5 centaurs
  4 elf zombies (Ossuary)
  A bullfrog (D:7)
  2 scorpions
  3 electric eels (D:8)
  5 howler monkeys
  2 bullfrog zombies
  2 centaur zombies
  3 quasits
  2 jellies
  12 hounds
  4 orc wizards
  5 bullfrog skeletons
  2 centaur skeletons
  2 orc priests (D:7)
  Jessica (D:2)
  An iguana (D:7)
  4 worker ants
  A big kobold zombie (Ossuary)
  4 mummies (Ossuary)
  2 hound zombies (Ossuary)
  A howler monkey skeleton (D:4)
  7 adders
  2 shadow imps
  2 oozes
  An adder zombie (Ossuary)
  5 worms
  2 dart slugs
  6 leopard geckos
  19 orcs
  2 ball pythons
  8 bats
  3 giant cockroaches
  10 goblins
  3 hobgoblins
  11 jackals
  3 kobolds
  3 quokkas (D:4)
  A frilled lizard (D:5)
  A hobgoblin zombie (Ossuary)
  A jackal zombie (Ossuary)
  A leopard gecko skeleton (D:5)
  An orc zombie (Ossuary)
  A quokka skeleton (D:4)
  9 rats
  A rat zombie (Ossuary)
195 creatures vanquished.

Vanquished Creatures (others)
  A bullfrog (D:7)
1 creature vanquished.

Grand Total: 196 creatures vanquished

Notes
Turn   | Place    | Note
-------+----------+-------------------------------------------
     0 | D:1      | xight the Deep Elf Fire Elementalist began the quest for
                  | the Orb.
     0 | D:1      | Reached XP level 1. HP: 10/10 MP: 6/6
   323 | D:1      | Reached XP level 2. HP: 15/15 MP: 6/8
   345 | D:1      | Learned a level 2 spell: Throw Flame
   961 | D:1      | Reached XP level 3. HP: 19/19 MP: 5/10
  1004 | D:1      | Learned a level 3 spell: Conjure Flame
  1008 | D:1      | Learned a level 3 spell: Inner Flame
  1388 | D:2      | Noticed Jessica
  1706 | D:2      | Killed Jessica
  1706 | D:2      | Reached skill level 4 in Spellcasting
  1706 | D:2      | Reached XP level 4. HP: 24/24 MP: 7/12
  1958 | D:2      | Found a faded altar of an unknown god.
  2981 | D:3      | Reached XP level 5. HP: 23/28 MP: 0/13
  4365 | D:4      | Found a sand-covered staircase.
  4369 | Ossuary  | Entered an ossuary
  4375 | Ossuary  | Learned a level 4 spell: Sticky Flame
  4444 | Ossuary  | Reached XP level 6. HP: 17/32 MP: 3/15
  4659 | Ossuary  | Reached skill level 5 in Spellcasting
  4659 | Ossuary  | Reached skill level 5 in Fire Magic
  4909 | Ossuary  | Reached XP level 7. HP: 31/36 MP: 7/17
  5697 | D:4      | Found a burning altar of Makhleb.
  5834 | D:4      | Reached skill level 6 in Spellcasting
  5923 | D:5      | Entered Level 5 of the Dungeon
  6560 | D:5      | Reached skill level 5 in Conjurations
  6560 | D:5      | Reached XP level 8. HP: 41/41 MP: 6/20
  6801 | D:6      | Reached skill level 5 in Stealth
  6856 | D:6      | Reached skill level 7 in Spellcasting
  6940 | D:6      | Noticed Sigmund
  6945 | D:6      | Killed Sigmund
  7121 | D:6      | Found a staircase to the Ecumenical Temple.
  7121 | D:6      | Noticed Grinder
  7343 | D:6      | Reached skill level 5 in Dodging
  7435 | D:6      | Killed Grinder
  7435 | D:6      | Reached skill level 8 in Spellcasting
  7565 | Temple   | Entered the Ecumenical Temple
  7674 | Temple   | Became a worshipper of Vehumet
  7839 | D:6      | Noticed Eustachio
  7852 | D:6      | Killed Eustachio
  7870 | D:6      | Reached XP level 9. HP: 45/45 MP: 13/23
  8170 | D:6      | Learned a level 5 spell: Fireball
  8781 | D:7      | Reached skill level 9 in Spellcasting
  8791 | D:7      | Noticed Pikel
  8996 | D:6      | Killed Pikel
  9267 | D:7      | Reached * piety under Vehumet
  9267 | D:7      | Offered knowledge of Shock by Vehumet.
 10406 | D:8      | Reached XP level 10. HP: 50/50 MP: 12/25
 10755 | D:8      | Found a staircase to the Lair.
 10762 | D:8      | Reached skill level 10 in Spellcasting
 11690 | D:9      | Found a staircase to the Orcish Mines.
 12477 | D:9      | Found a shattered altar of Ashenzari.
 12516 | D:9      | Reached ** piety under Vehumet
 12609 | D:9      | Found an opulent altar of Gozag.
 12720 | D:9      | Found a shimmering blue altar of Sif Muna.
 12803 | Orc:1    | Entered Level 1 of the Orcish Mines
 12806 | Orc:1    | Noticed an orc knight
 12807 | Orc:1    | Noticed an orc sorcerer
 12808 | Orc:1    | Noticed an orc knight
 12846 | Orc:2    | Entered Level 2 of the Orcish Mines
 12870 | Orc:1    | Found the +10 large shield of Ignorance {rN+ Int-4}
 12875 | Orc:1    | Found a runed translucent door.
 12886 | Orc:1    | Hit by a boomerang thrown by an orc warrior

Levels and vault maps discovered:
D:1:      psy_arrival_heroes, layout_basic
D:2:      layout_basic, chequers_ecumenical_altar_lobes, uniq_jessica
D:3:      layout_basic, minmay_cut_off
D:4:      layout_rooms, enter_ossuary_5, first_ration,
          makhleb_blood_cavern_becter
D:5:      layout_basic
D:6:      layout_basic, minmay_temple_entry_statues_pillars,
          hangedman_decor_clover_reticule, uniq_eustachio, uniq_sigmund,
          uniq_grinder
D:7:      layout_loops_cross, grunt_ogre_cave, grunt_tough_drop, uniq_pikel
D:8:      layout_cave_pods, erik_lair_island
D:9:      layout_irregular_city, nicolae_overflow_hidden_temple,
          lemuel_blue_sif_altar, orc_david_3
Temple:   dpeg_five_rooms_temple
Orc:1:    layout_diamond_mine, basic_altar, chequers_guarded_unrand_ignorance
Orc:2:    st_orc_ogre_mass, layout_caves

Skill      XL: |  1  2  3  4  5  6  7  8  9 10 |
---------------+-------------------------------+-----
Conjurations   | 2 3 5 6 7 8 |  8.9
Stealth        | 3 4 5 7 |  7.7
Spellcasting   | 4 5 6 8 9 10 | 10.7
Fire Magic     | 4 5 6 7 8 9 |  9.6
Dodging        | 3 4 5 6 7 |  7.0

Action                   |  1- 3 |  4- 6 |  7- 9 | 10-12 || total
-------------------------+-------+-------+-------+-------++-------
Melee: Unarmed           |       |     1 |       |       ||     1
 Cast: Flame Tongue      |    31 |    86 |    61 |    22 ||   200
       Throw Flame       |    21 |    38 |    60 |    27 ||   146
       Conjure Flame     |       |     8 |    15 |     3 ||    26
       Inner Flame       |       |     4 |     3 |     5 ||    12
       Sticky Flame      |       |    13 |    25 |     8 ||    46
       Fireball          |       |       |    13 |    21 ||    34
Evoke: Wand              |       |       |     2 |       ||     2
  Use: Scroll            |     6 |     2 |    10 |     4 ||    22
  Eat: Chunk             |     3 |     5 |    15 |     9 ||    32
       Ration            |       |     2 |     2 |     1 ||     5
Armor: Robe              |     2 |    18 |    26 |    10 ||    56
Dodge: Dodged            |     8 |    56 |    53 |    29 ||   146
